 Dungeon Crawl Stone Soup version 0.27.0-1-g7a089689b8 (console) character file.

Game seed: 2879232679404365055

65 jejorda2 the Poker (level 4, -7/33 HPs)
             Began as a Merfolk Arcane Marksman on Aug 2, 2021.
             Was a Follower of Kikubaaqudgha.
             Splashed by a jelly's acid (9 damage)
             ... on level 2 of the Dungeon.
             The game lasted 00:04:32 (2888 turns).

jejorda2 the Poker (Merfolk Arcane Marksman)        Turns: 2888, Time: 00:04:32

Health: -7/33      AC: -2    Str: 11    XL:     4   Next: 13%
Magic:  5/5        EV: 11    Int: 12    God:    Kikubaaqudgha [*.....]
Gold:   53         SH:  0    Dex: 14    Spells: 4/5 levels left

rFire    . . .     SeeInvis .   g - +0 short sword
rCold    . . .     Faith    .   (no shield)
rNeg     . . .     Spirit   .   n - +0 ring mail
rPois    .         Reflect  .   (no helmet)
rElec    .         Harm     .   (no cloak)
rCorr    .         Rampage  .   (no gloves)
Will     .....                  (no boots)
Stlth    +.........             (no amulet)
HPRegen  0.11/turn              (no ring)
MPRegen  0.09/turn              (no ring)

@: corroded
A: (nimble swimmer 2), mertail
a: Renounce Religion, Receive Corpses


You were on level 2 of the Dungeon.
You worshipped Kikubaaqudgha.
Kikubaaqudgha was aware of your devotion.
You visited 1 branch of the dungeon, and saw 2 of its levels.

You collected 53 gold pieces.

Inventory:

Hand Weapons
 g - a +0 short sword (weapon)
Missiles
 b - 5 javelins
 c - 2 throwing nets
 e - 33 stones (quivered)
Armour
 n - a +0 ring mail (worn)
Scrolls
 d - a scroll of blinking {unknown}
 j - a scroll of torment {unknown}
 k - 3 scrolls of enchant armour {unknown}
 m - a scroll of teleportation {unknown}
 o - a scroll of brand weapon {unknown}
 p - a scroll of fear {unknown}
 q - a scroll of enchant weapon {unknown}
 r - a scroll of magic mapping {unknown}
Potions
 a - a potion of ambrosia {unknown}
 f - 3 potions of attraction {unknown}
 h - a potion of heal wounds {unknown}
 i - a potion of curing {unknown}
 l - a potion of cancellation {unknown}
 s - a potion of haste {unknown}


   Skills:
 + Level 2.2 Fighting
 * Level 3.6 Polearms
 - Level 2.0 Throwing
 + Level 1.1 Armour
 - Level 2.6 Dodging
 - Level 1.0 Spellcasting
 - Level 3.0 Hexes


You had 4 spell levels left.
You knew the following spells:

 Your Spells              Type           Power      Damage    Failure   Level
a - Corona                Hex            7%         N/A       21%         1

Your spell library contained the following spells:

 Spells                   Type           Power      Damage    Failure   Level
 Slow                     Hex            7%         N/A       30%         2
 Animate Skeleton         Necr           0%         N/A       56%         1
 Pain                     Necr           0%         1d4       56%         1
 Corpse Rot               Necr/Air       N/A        N/A       71%         2
 Poisonous Vapours        Pois/Air       0%         N/A       71%         2
 Sublimation of Blood     Necr           0%         N/A       71%         2
 Inner Flame              Hex/Fire       4%         N/A       75%         3
 Portal Projectile        Hex/Tloc       8%         N/A       75%         3
 Cause Fear               Hex            3%         N/A       90%         4
 Vampiric Draining        Necr           0%         2d6       91%         3
 Freezing Cloud           Conj/Ice/Air   0%         6-21      100%        5


Dungeon Overview and Level Annotations

Branches:
Dungeon (2/15)

Altars:
Kikubaaqudgha


Innate Abilities, Weirdness & Mutations

((You are quick and stealthy near water. (Stealth+, EV+, Speed+++)))
Your lower body shifts to a powerful aquatic tail in water.


Message History

You hit the kobold.
The kobold is severely wounded.
The kobold hits you with a +0 club.
You closely miss the kobold.
The kobold is severely wounded.
The kobold closely misses you.
You completely miss the kobold.
The kobold is severely wounded.
The kobold closely misses you.
You hit the kobold.
You kill the kobold!
Kikubaaqudgha accepts your kill.
No target in view!
No target in view!
e - 33 stones (gained 3)
Items here: ) †.
You open the door.
Found a hobgoblin skeleton. 8 endoplasms and 3 jellies come into view.
The endoplasm quivers.
The jelly quivers.
The endoplasm quivers. x2
The jelly quivers.
The endoplasm quivers. x3
The jelly hits you but does no damage.
Found four items.
There is an open door here.
Something hits the fungus.
The fungus begins to die.
Items here: ) †.
You hit the jelly. The acid corrodes you!
Your hands burn!
The jelly is lightly wounded.
The jelly hits you. The acid corrodes you!
You are splashed with acid!
You hit the jelly but do no damage.
Your hands burn!
The jelly is lightly wounded.
The jelly hits you.
* * * LOW HITPOINT WARNING * * *
You are splashed with acid.
* * * LOW HITPOINT WARNING * * *
The jelly hits you.
* * * LOW HITPOINT WARNING * * *
You are splashed with acid!
You die...
Kikubaaqudgha rasps: "You have failed me!
Welcome... death!"

#.......####.##### #...#...#
#.# #...#...# #.# ..#######
### ####### #...#.#
##########J÷....#
#.....###......##J.P...P#
###...##.......#J#..J...#
##..'.)......#J#JJJJP.#
####..'........#@#......#####
..).).'......#'#.#...J..##..#
####..##.....#.#.#÷.J...###.#
#..###....#.#.#.JPJ.P###.#####
#..# #######.##..÷..$##.......
#..# ###### ##.#####
#..######.##############.# #
#..............<.........#####
##.######.......##............


You could see a jelly and 2 endoplasms.

Vanquished Creatures
  An adder (D:2)
  A worm (D:2)
  A dart slug (D:2)
  4 ball pythons
  3 endoplasms
  3 giant cockroaches
  3 goblins (D:1)
  3 hobgoblins
  4 jackals (D:1)
  3 quokkas
  2 bats (D:1)
  7 frilled lizards
  10 kobolds
  3 rats
48 creatures vanquished.

Vanquished Creatures (others)
  6 fungi (D:2)
  7 toadstools (D:2)
13 creatures vanquished.

Grand Total: 61 creatures vanquished

Notes
Turn   | Place    | Note
-------+----------+-------------------------------------------
     0 | D:1      | jejorda2 the Merfolk Arcane Marksman began the quest for
                  | the Orb.
     0 | D:1      | Reached XP level 1. HP: 15/15 MP: 2/2
    87 | D:1      | Reached skill level 1 in Polearms
   474 | D:1      | Reached XP level 2. HP: 20/21 MP: 3/3
  1076 | D:1      | Reached XP level 3. HP: 9/27 MP: 4/4
  2137 | D:2      | Reached skill level 1 in Armour
  2499 | D:2      | Reached XP level 4. HP: 11/33 MP: 5/5
  2747 | D:2      | Found a faded altar of an unknown god.
  2753 | D:2      | Became a worshipper of Kikubaaqudgha
  2753 | D:2      | Reached * piety under Kikubaaqudgha
  2753 | D:2      | Received a gift from Kikubaaqudgha
  2888 | D:2      | Splashed by a jelly's acid

Illustrated notes

Levels and vault maps discovered:
D:1:      lightli_arrival_quake, layout_basic
D:2:      cheibrodos_fertilizer, layout_loops_ring,
          hellmonk_ecumenical_altar_leap_of_faith

Skill      XL: |  1  2  3 |
---------------+----------+-----
Polearms       | 1 2 3 |  3.6
Fighting       | 2 |  2.2
Armour         | 1 |  1.1
Throwing       | |  2.0
Dodging        | |  2.6
Spellcasting   | |  1.0
Hexes          | |  3.0

Action                   |  1- 3 |  4- 6 || total
-------------------------+-------+-------++-------
Melee: Club              |    14 |       ||    14
       Short sword       |   177 |    21 ||   198
Throw: Stone             |     3 |       ||     3
Armor: Robe              |    14 |       ||    14
       Leather armour    |    10 |       ||    10
       Ring mail         |    35 |     5 ||    40
Dodge: Dodged            |   130 |     8 ||   138
